 Dungeon Crawl Stone Soup version 0.19.0 (webtiles) character file.

62 Magifyre the Scratcher (level 3, 0/15 HPs)
             Began as a Felid Transmuter on Nov 10, 2016.
             Succumbed to an adder's poison
             ... on level 2 of the Dungeon.
             The game lasted 00:03:19 (2033 turns).

Magifyre the Scratcher (Felid Transmuter)           Turns: 2033, Time: 00:03:20

Health: 0/15       AC:  1    Str:  6    XL:     3   Next: 85%
Magic:  7/7        EV: 18    Int: 14    God:
Gold:   74         SH:  0    Dex: 17    Spells: 1 memorised, 5 levels left
                                        Lives:  0   Deaths: 0

rFire  . . .     SeeInvis +       - Unarmed
rCold  . . .     Gourm    .     (armour unavailable)
rNeg   . . .     Faith    .     (shield unavailable)
rPois  .         Spirit   .     (helmet unavailable)
rElec  .         Reflect  .     (cloak unavailable)
rCorr  .         Harm     .     (gloves unavailable)
MR     .....                    (boots unavailable)
Stlth  ++........               (no amulet)
                                (no ring)
                                (no ring)

@: lethally poisoned (0 -> -2), quick
A: no armour, no weapons or thrown items, stealth, claws 1, fangs 3, see
invisible, carnivore 3, speed 1, shaggy fur 1, slow metabolism 1, sharp paws
a: no special abilities


You were on level 2 of the Dungeon.
You were completely stuffed.

You visited 1 branch of the dungeon, and saw 2 of its levels.

You collected 74 gold pieces.

Inventory:

Missiles
 a - 34 arrows
Jewellery
 h - an uncursed ring of flight {unknown}
Scrolls
 d - a scroll of teleportation {unknown}
 f - 3 scrolls of fog {unknown}
 i - a scroll of remove curse {unknown}
 j - a scroll of recharging {unknown}
 k - a scroll of fear {unknown}
Potions
 e - a potion of curing {unknown}
 g - a potion of haste {unknown}
Books
 b - a book of Changes

   Spells                             Type                      Level
   a - Beastly Appendage              Transmutation                1
   b - Sticks to Snakes               Transmutation                2
   c - Spider Form                    Transmutation/Poison         3
   d - Ice Form                       Ice/Transmutation            4
   e - Blade Hands                    Transmutation                5
Comestibles
 c - 3 meat rations


   Skills:
 - Level 1.0 Fighting
 - Level 2.6 Dodging
 + Level 4.8 Unarmed Combat
 - Level 2.0 Spellcasting
 - Level 2.1 Transmutations


You had 5 spell levels left.
You knew the following spells:

 Your Spells              Type           Power        Failure   Level  Hunger
a - Beastly Appendage     Tmut           #.....       12%         1    ##.....


Dungeon Overview and Level Annotations

Branches:
Dungeon (2/15)

Altars:


Innate Abilities, Weirdness & Mutations

You cannot wear armour.
You are incapable of wielding weapons or throwing items.
Your paws allow you to move quietly. (Stealth)
You have sharp claws.
You have razor-sharp teeth.
You have supernaturally acute eyesight. (SInv)
You are carnivorous and can eat meat at any time.
You cover ground quickly.
You are covered in fur. (AC +1)
You have a slow metabolism.
Your sharp claws are effective at attacking unaware monsters.


Message History

The bat hits you but does no damage. The bat closely misses you.
You feel sick. The bat hits you but does no damage. The bat barely misses you.
The bat hits you but does no damage. The bat hits you but does no damage.
You feel sick. The bat misses you. The bat hits you but does no damage.
The bat misses you. The bat hits you.
* * * LOW HITPOINT WARNING * * *
* * * LOW HITPOINT WARNING * * *
You feel sick. The bat hits you.
* * * LOW HITPOINT WARNING * * *
The bat misses you. The bat hits you.
* * * LOW HITPOINT WARNING * * *
The bat completely misses you. The bat hits you but does no damage.
You die...

#.......###### #.########
#.##.......# #.#.........
#.##รท#####.# #.r..?.#####
#.##.).((#.# ######.#####
#.######.#.######## #.#.%..
#......#..........######.#....
######.###.#.br....r.....#....
#..........#.####.########....
#......#####)@.<#.###.# #....
#......# #..#.#.....####....
#......# #..#######.)...(...
#......# #...........###....
#......# #...#######.# #....
####...# #...........# #####
#...# #...######### #...#
#...# #...# #...#


There were no monsters in sight!

Vanquished Creatures
  2 adders (D:2)
  A dart slug (D:1)
  A leopard gecko (D:1)
  6 bats
  A giant cockroach (D:2)
  A goblin (D:2)
  6 hobgoblins
  4 jackals
  8 kobolds
  A ball python (D:1)
  4 frilled lizards (D:1)
  3 rats
38 creatures vanquished.

Notes
Turn   | Place    | Note
-------+----------+-------------------------------------------
     0 | D:1      | Magifyre the Felid Transmuter began the quest for the Orb.
     0 | D:1      | Reached XP level 1. HP: 9/9 MP: 4/4
   415 | D:1      | Reached XP level 2. HP: 11/12 MP: 6/6
   853 | D:1      | Reached skill level 4 in Unarmed Combat
  1411 | D:1      | Reached XP level 3. HP: 14/15 MP: 5/7
  2033 | D:2      | Succumbed to an adder's poison

Skill      XL: |  1  2 |
---------------+-------+-----
Unarmed Combat | 4 |  4.8
Fighting       | |  1.0
Dodging        | |  2.6
Spellcasting   | |  2.0
Transmutations | |  2.1

Action                   || total
-------------------------++-------
Melee: Unarmed           ||   107
       Bite              ||    13
       Headbutt          ||     8
       Punch             ||     2
 Cast: Beastly Appendage ||    12
 Stab: Sleeping          ||     4
  Eat: Chunk             ||    10
Armor: Skin              ||    16
Dodge: Dodged            ||    97
